 Dungeon Crawl Stone Soup version 0.19-a0-644-gd04d753 (webtiles) character file.

15473 Stormphoenix the Black Belt (level 12, -12/81 HPs)
             Began as a Demonspawn Monk on June 14, 2016.
             Was a Priest of Ru.
             Killed from afar by an ice dragon (38 damage)
             ... with a blast of cold
             ... in an ice cave.
             The game lasted 00:32:57 (12369 turns).

Stormphoenix the Black Belt (Demonspawn Monk)      Turns: 12369, Time: 00:32:59

Health: -12/81     AC: 12    Str: 15 (16) XL:     12   Next: 1%
Magic:  0/9        EV: 18    Int: 12 (13) God:    Ru [***...]
Gold:   869        SH:  5    Dex: 15      Spells: 0 memorised, 11 levels left

rFire  . . .     SeeInvis .       - Unarmed
rCold  . . .     Gourm    .     o - +2 leather armour {MR+}
rNeg   . . .     Faith    .     g - +2 buckler
rPois  .         Spirit   +     (no helmet)
rElec  .         Dismiss  .     e - +2 cloak
rCorr  .         Reflect  .     (gloves unavailable)
SustAt .         Harm     .     (no boots)
MR     +....                    i - amulet of magic regeneration
Stlth  ..........               n - +5 ring of slaying
                                t - +6 ring of evasion

@: somewhat resistant to hostile enchantments, extremely unstealthy
A: claws 3, iridescent scales 1, clever 1, clumsy 1, deterioration 1, low mp 2,
magic shield, magic regeneration, no device heal 1, no stealth, inability to
train armour
a: Draw Out Power, Renounce Religion


You were in an ice cave.
You worshipped Ru.
Ru was most pleased with you.
You were not hungry.

You visited 2 branches of the dungeon, and saw 13 of its levels.
You also visited: Ossuary and Ice Cave.

You collected 869 gold pieces.

Inventory:

Armour
 e - a +2 cloak (worn)
 g - a +2 buckler (worn)
 o - a +2 leather armour of magic resistance (worn)
 F - a cursed +0 chain mail
Jewellery
 h - an uncursed ring of magical power
 i - an amulet of magic regeneration (around neck)
 n - a +5 ring of slaying (right claw)
 t - a +6 ring of evasion (left claw)
 G - an uncursed ring of sustain attributes
Wands
 f - a wand of paralysis (10/24)
 l - a wand of iceblast (4/15)
Scrolls
 a - 4 scrolls of remove curse
 k - 4 scrolls of magic mapping
 m - 4 scrolls of identify
 s - 3 scrolls of recharging
 v - 4 scrolls of teleportation
 y - 2 scrolls of brand weapon
 z - a scroll of fear
 B - a scroll of amnesia
 E - a scroll of enchant weapon
 H - a scroll of blinking
Potions
 c - 2 potions of heal wounds
 d - 9 potions of curing
 p - 3 potions of ambrosia
 r - 2 potions of haste
 w - a potion of flight
 D - a potion of mutation
Books
 j - a book of Clouds

   Spells                             Type                      Level
   a - Mephitic Cloud                 Conjuration/Poison/Air       3
   b - Conjure Flame                  Conjuration/Fire             3
   c - Poisonous Cloud                Conjuration/Poison/Air       6
   d - Freezing Cloud                 Conjuration/Ice/Air          6
   e - Ring of Flames                 Charms/Fire                  7
 C - a book of Death

   Spells                             Type                      Level
   a - Corpse Rot                     Necromancy                   2
   b - Sublimation of Blood           Necromancy                   2
   c - Agony                          Necromancy                   5
   d - Dispel Undead                  Necromancy                   5
   e - Excruciating Wounds            Charms/Necromancy            5
   f - Bolt of Draining               Conjuration/Necromancy       5
Comestibles
 b - 7 bread rations
 q - 2 meat rations
 u - 10 royal jellies
 x - 7 beef jerkies


   Skills:
 - Level 3.0 Fighting
 - Level 2.6 Dodging
 + Level 17.1 Unarmed Combat


You had 11 spell levels left.
You didn't know any spells.

Dungeon Overview and Level Annotations

Branches:
Dungeon (12/15)            Temple (1/1) D:5            Lair (0/6) D:11
    Orc (0/2) D:11

Altars:
Ashenzari
Cheibriados
Dithmenos
Elyvilon
Fedhas
Gozag
Hepliaklqana
Kikubaaqudgha
Makhleb
Nemelex Xobeh
Okawaru
Pakellas
Qazlal
Ru
Sif Muna
Trog
Uskayaw
Vehumet
Xom
Yredelemnul
Zin
The Shining One

Shops:
D:5 :   D:8 *!   D:10 *

Annotations:
D:4 tstbtto's ghost, novice CeBe


Innate Abilities, Weirdness & Mutations

You have claws for hands.
You are partially covered in iridescent scales. (AC +4)
You are clumsy. (Dex -2)
Your magical capacity is very low. (-20% MP)
When hurt, damage is shared between your health and your magic reserves.
You regenerate magic rapidly.
Potions and wands are less effective at restoring your health.
You cannot be stealthy.
You cannot train Armour skill.
Your mind is acute. (Int +2)
Your body sometimes deteriorates upon taking damage.


Message History

You scratch the ice beast.
The ice beast is severely wounded.
You mangle the ice beast!!
You kill the ice beast!
An ice dragon comes into view.
The ice dragon begins to attack, but is stunned by your will!
An ice dragon comes into view.
The ice dragon breathes frost at you. The blast of cold hits you!
Found a steel ring, 110 gold pieces and a small citrine amulet.
The ice dragon breathes frost at you. The blast of cold hits you!
The ice dragon closely misses you. The ice dragon barely misses you.
You block the ice dragon's attack.
You scratch the ice dragon.
The ice dragon is lightly wounded.
The ice dragon bites you but does no damage.
The ice dragon claws you! The ice dragon closely misses you.
The ice dragon breathes frost at you. The blast of cold hits you!
You die...

########
#.D@...####
#....D#......##
......###.##...#
......
###..##### =....
#.##...# "$..$
#....#.## #$$$
##.###..## ####
### ##..####
##....##


You could see 2 ice dragons.

Vanquished Creatures
  Erolcha (D:10)
  Erica (D:8)
  2 hill giants
  Pikel (D:6)
  An ugly thing (D:12)
  A deep elf mage (D:12)
  Joseph (D:8)
  2 ice statues (IceCv)
  Psyche (D:10)
  2 guardian serpents (D:9)
  A gargoyle (D:11)
  A rime drake (IceCv)
  4 trolls
  Grinder (D:5)
  Prince Ribbit (D:6)
  A centaur simulacrum (D:12)
  A vampire (D:11)
  6 yaks
  A hungry ghost (D:11)
  A hippogriff (D:7)
  A steam dragon (D:10)
  Edmund (D:4)
  2 soldier ants (D:8)
  2 mottled dragons
  A water moccasin (D:7)
  16 ice beasts
  7 orc warriors
  A wasp (D:9)
  A phantom (D:10)
  A sky beast (D:10)
  4 ogres
  2 necrophages
  A wolf (D:12)
  2 centaurs
  Blork the orc (D:5)
  3 giant frogs
  A wyvern zombie (D:7)
  2 scorpions
  A troll zombie (Ossuary)
  6 wights
  2 electric eels
  4 centaur zombies
  4 crimson imps
  2 quasits
  4 hounds
  A centaur skeleton (D:7)
  7 orc priests
  A gnoll shaman (D:8)
  A jelly (D:8)
  11 orc wizards
  A giant frog skeleton (D:9)
  An iguana (D:9)
  Natasha (twice) (D:3)
  5 worker ants
  2 big kobold zombies (Ossuary)
  3 ogre zombies (Ossuary)
  A hound zombie (D:6)
  7 mummies (Ossuary)
  15 gnolls
  A howler monkey skeleton (D:6)
  7 adders
  A shadow imp (D:7)
  16 white imps (D:12)
  An ooze (D:2)
  3 adder zombies (Ossuary)
  2 adder skeletons
  2 worms
  4 dart slugs
  7 giant geckos
  44 orcs
  A ball python (D:1)
  3 giant cockroaches
  3 goblins (D:1)
  9 hobgoblins
  3 jackals (D:1)
  7 quokkas
  11 bats
  7 giant newts
  4 goblin zombies (Ossuary)
  5 hobgoblin zombies (Ossuary)
  13 kobolds
  A kobold zombie (Ossuary)
  An orc zombie (Ossuary)
  5 quokka zombies
  5 rats
  5 rat zombies (Ossuary)
332 creatures vanquished.

Vanquished Creatures (others)
  A giant frog skeleton (D:6)
  A jelly (D:8)
2 creatures vanquished.

Grand Total: 334 creatures vanquished

Notes
Turn   | Place    | Note
--------------------------------------------------------------
     0 | D:1      | Stormphoenix the Demonspawn Monk began the quest for the Orb.
     0 | D:1      | Reached XP level 1. HP: 18/18 MP: 1/1
   335 | D:1      | Reached skill level 4 in Unarmed Combat
   335 | D:1      | Gained mutation: When hurt, damage is shared between your health and your magic reserves. [demonic ancestry]
   335 | D:1      | Reached XP level 2. HP: 24/24 MP: 2/2
   761 | D:1      | Gained mutation: You regenerate magic rapidly. [demonic ancestry]
   761 | D:1      | Reached XP level 3. HP: 26/29 MP: 1/3
  1210 | D:2      | Found a deep blue altar of Sif Muna.
  1358 | D:2      | Reached skill level 5 in Unarmed Combat
  1494 | D:2      | Gained mutation: Your mind is acute. (Int +2) [potion of beneficial mutation]
  1575 | D:2      | Reached XP level 4. HP: 35/35 MP: 4/4
  2279 | D:3      | Gained mutation: You have sharp fingernails. [demonic ancestry]
  2279 | D:3      | Reached XP level 5. HP: 25/41 MP: 5/5
  2492 | D:3      | Noticed Natasha
  2500 | D:3      | Killed Natasha
  2500 | D:3      | Reached skill level 6 in Unarmed Combat
  2786 | D:3      | Noticed Natasha
  2790 | D:3      | Killed Natasha
  2790 | D:3      | Reached XP level 6. HP: 47/47 MP: 6/6
  2861 | D:3      | Found a sparkling altar of Nemelex Xobeh.
  3167 | D:4      | Noticed tstbtto's ghost (novice CeBe)
  3483 | D:4      | Reached skill level 7 in Unarmed Combat
  3680 | D:4      | Noticed Edmund
  3697 | D:4      | HP: 2/47 [ogre/giant spiked club (13)]
  3713 | D:5      | Entered Level 5 of the Dungeon
  4004 | D:5      | Noticed Grinder
  4004 | D:5      | Paralysed by Grinder for 5 turns
  4015 | D:5      | Killed Grinder
  4015 | D:5      | Reached skill level 8 in Unarmed Combat
  4015 | D:5      | Reached XP level 7. HP: 33/52 MP: 7/7
  4033 | D:4      | Found a shattered altar of Ashenzari.
  4423 | D:4      | Killed Edmund
  4535 | D:5      | Found a staircase to the Ecumenical Temple.
  4544 | Temple   | Entered the Ecumenical Temple
  4620 | Temple   | Became a worshipper of Ru the Awakened
  4638 | D:5      | Found Sichasai's Book Emporium.
  4639 | D:5      | Gained mutation: Your magical capacity is low. (-10% MP) [Ru sacrifice]
  4667 | D:5      | Found a bloodstained altar of Trog.
  4789 | D:5      | Noticed Blork the orc
  4803 | D:5      | Killed Blork the orc
  4814 | D:5      | Found a radiant altar of Vehumet.
  5083 | D:6      | Reached skill level 9 in Unarmed Combat
  5137 | D:6      | Noticed Prince Ribbit
  5191 | D:6      | Killed Prince Ribbit
  5191 | D:6      | Reached XP level 8. HP: 25/58 MP: 7/7
  5316 | D:6      | Reached skill level 10 in Unarmed Combat
  5489 | D:6      | Noticed Pikel
  5497 | D:6      | Killed Pikel
  5497 | D:6      | Reached skill level 11 in Unarmed Combat
  5539 | D:6      | Found an oddly glowing altar of Pakellas.
  5557 | D:6      | Found a snail-covered altar of Cheibriados.
  5740 | D:6      | Found a glowing golden altar of the Shining One.
  5744 | D:6      | Gained mutation: Your body sometimes deteriorates upon taking damage. [potion of mutation]
  5744 | D:6      | Gained mutation: Your magical capacity is very low. (-20% MP) [potion of mutation]
  5777 | D:7      | Found a glowing silver altar of Zin.
  5779 | D:7      | Found a white marble altar of Elyvilon.
  5803 | D:7      | Gained mutation: You have very sharp fingernails. [demonic ancestry]
  5803 | D:7      | Reached XP level 9. HP: 55/63 MP: 7/7
  6023 | D:7      | Found a sparkling altar of Nemelex Xobeh.
  6106 | D:7      | Found a sand-covered staircase.
  6110 | Ossuary  | Entered an ossuary
  6213 | Ossuary  | Gained mutation: You are clumsy. (Dex -2) [Ru sacrifice]
  6213 | Ossuary  | Reached * piety under Ru
  6577 | D:7      | Reached skill level 12 in Unarmed Combat
  6670 | D:8      | Found an opulent altar of Gozag.
  6674 | D:8      | Found Gozag's Platinum Reserve.
  7692 | D:8      | Reached skill level 13 in Unarmed Combat
  7799 | D:8      | Noticed Joseph
  7806 | D:8      | Killed Joseph
  7856 | D:8      | Reached XP level 10. HP: 68/70 MP: 8/8
  7958 | D:8      | Noticed Erica
  7970 | D:8      | Killed Erica
  8025 | D:8      | Found Xumibbuumu's Distillery.
  8195 | D:9      | Noticed a guardian serpent
  8204 | D:9      | Killed a guardian serpent
  8206 | D:9      | Gained mutation: Potions and wands are less effective at restoring your health. [Ru sacrifice]
  8206 | D:9      | Reached ** piety under Ru
  8398 | D:9      | Reached skill level 14 in Unarmed Combat
  8438 | D:9      | Noticed a guardian serpent
  8443 | D:9      | Killed a guardian serpent
  8954 | D:9      | Found a shimmering altar of Xom.
  9315 | D:10     | Entered Level 10 of the Dungeon
  9315 | D:10     | Noticed Psyche
  9324 | D:10     | Killed Psyche
  9393 | D:10     | Reached skill level 15 in Unarmed Combat
  9457 | D:10     | Found Helaam's Humungous Hoard.
  9458 | D:10     | Noticed Erolcha
  9480 | D:10     | Killed Erolcha
  9480 | D:10     | Gained mutation: You are partially covered in iridescent scales. (AC +4) [demonic ancestry]
  9480 | D:10     | Reached XP level 11. HP: 22/75 MP: 4/8
 10064 | D:10     | Gained mutation: You cannot be stealthy. [Ru sacrifice]
 10255 | D:11     | Noticed a hill giant
 10263 | D:11     | Killed a hill giant
 10592 | D:11     | Found a staircase to the Orcish Mines.
 10981 | D:11     | Found a staircase to the Lair.
 11281 | D:12     | Noticed a white ugly thing
 11297 | D:12     | Killed a white ugly thing
 11297 | D:12     | Reached skill level 16 in Unarmed Combat
 11385 | D:12     | Noticed a hill giant
 11395 | D:12     | Killed a hill giant
 11583 | D:12     | Noticed a deep elf mage
 11613 | D:12     | Killed a deep elf mage
 11663 | D:12     | Found a frozen archway.
 11719 | IceCv    | Entered an ice cave
 11917 | IceCv    | Gained mutation: You cannot train Armour skill. [Ru sacrifice]
 11917 | IceCv    | Reached *** piety under Ru
 12120 | IceCv    | Reached skill level 17 in Unarmed Combat
 12336 | IceCv    | Gained mutation: You have claws for hands. [demonic ancestry]
 12336 | IceCv    | Reached XP level 12. HP: 81/81 MP: 9/9
 12362 | IceCv    | Noticed an ice dragon
 12366 | IceCv    | Noticed an ice dragon
 12369 | IceCv    | Killed from afar by an ice dragon

Vault maps used:
D:1:      dpeg_arrival_round_b
D:2:      overflow_temple_1_default
D:3:      kennysheep_flooded_box, hangedman_decor_push, uniq_natasha
D:4:      nicolae_overflow_crystal_walls, marbit_many_paths, tso_altar,
          uniq_edmund
D:5:      old_standard_altar, minmay_temple_entry_junction, basic_altar,
          serial_shops, nicolae_shop_window_shopping, first_bread,
          hangedman_decor_diamond_cutter, nicolae_underground_beach,
          uniq_blork_the_orc, uniq_grinder
D:6:      nicolae_overflow_hidden_temple, kennysheep_little_box,
          kennysheep_cross_bottleneck, grunt_pakellas_sulfur,
          uniq_prince_ribbit1, uniq_pikel
D:7:      elyvilon_altar_5, kennysheep_mini_moat,
          lightli_ossuary_entry_decrepit_ruins, basic_altar
D:8:      nicolae_gozag_zags_fifth_avenue, serial_shops, kennysheep_mini,
          hangedman_pestilent_swarm, nicolae_lava_and_water, uniq_erica,
          uniq_joseph
D:9:      nrook_guardian_serpent_snake_passage, lemuel_crystal_altar,
          minmay_holes
D:10:     nicolae_alphabet_shops, uniq_psyche, uniq_erolcha
D:11:     lair_0_dummy, david_orc_4
D:12:     serial_ice, serial_ice_f, serial_ice_h, serial_ice_c, serial_ice_l,
          serial_ice_n, serial_ice_e, serial_ice_a, serial_ice_m,
          portal_ice_cave_entry_imps
Temple:   zaba_magenta_temple_12
Ossuary:  ossuary_boxes_badplayer
IceCv:    ice_cave_small_dragons

Skill      XL: |  1  2  3  4  5  6  7  8  9 10 11 |
---------------+----------------------------------+-----
Unarmed Combat | 4 5 6 8 9 11 13 15 17 | 17.1
Stealth        | 0 |  0.0
Fighting       | |  3.0
Dodging        | |  2.6

Action                   |  1- 3 |  4- 6 |  7- 9 | 10-12 || total
-------------------------+-------+-------+-------+-------++-------
Melee: Unarmed           |   124 |   186 |   338 |   397 ||  1045
       Punch             |     2 |       |       |       ||     2
Invok: Sacrifice Essence |       |       |     1 |       ||     1
       Sacrifice Purity  |       |       |     1 |     1 ||     2
       Sacrifice Stealth |       |       |       |     1 ||     1
       Sacrifice Durabil |       |       |       |     1 ||     1
  Use: Scroll            |     5 |     5 |    10 |     5 ||    25
       Potion            |     3 |     3 |     7 |     4 ||    17
 Stab: Sleeping          |     5 |     2 |     4 |     1 ||    12
       Invisible         |       |       |     4 |       ||     4
       Distracted        |       |       |       |     1 ||     1
  Eat: Chunk             |     2 |     5 |     4 |     9 ||    20
       Beef jerky        |       |     1 |       |       ||     1
       Meat ration       |       |       |     2 |     1 ||     3
       Bread ration      |       |       |       |     1 ||     1
Armor: Robe              |    15 |    26 |       |       ||    41
       Ring mail         |       |     5 |    46 |       ||    51
       Leather armour    |       |       |     1 |    51 ||    52
Dodge: Dodged            |    72 |    60 |   127 |   205 ||   464
Block: Buckler           |    18 |    38 |    49 |    57 ||   162
